 Dungeon Crawl Stone Soup version 0.30-a0-930-gb9d0489357 (webtiles) character file.

Game seed: 15480563640602776984

359168 xian the Hoplite (level 21, -13/167 (172) HPs)
             Began as a Demonspawn Gladiator on Mar 23, 2023.
             Was an Elder of Okawaru.
             Killed from afar by a tengu reaver (38 damage)
             ... with a bolt of cold
             ... on level 5 of the Vaults on Mar 24, 2023.
             The game lasted 03:20:59 (38190 turns).

xian the Hoplite (Demonspawn Gladiator)            Turns: 38190, Time: 03:21:02

HP:   -13/167 (172) AC: 49    Str: 26    XL:     21   Next: 45%
MP:   0/26          EV: 14    Int: 14    God:    Okawaru [****..]
Gold: 2671          SH: 34    Dex: 20    Spells: 20/20 levels left

rFire   . . .      SeeInvis +    q - +8 trident of the Octopus King {venom, rElec rPois}
rCold   . . .      Faith    .    b - +4 tower shield {reflect}
rNeg    . . .      Spirit   +    a - +8 crystal plate armour of Hepliaklqana's Hatred {*Corrode Regen+ Str+3}
rPois   +          Reflect  +    E - +2 helmet of Nihilism {rPois Dex+4}
rElec   +          Rampage  +    O - scarf "Eninug" {harm, Fly}
rCorr   .          Harm     + .  (gloves unavailable)
Will    ++...                    k - +2 pair of boots {rampage} Stlth
                                 Z - amulet of regeneration
HPRegen 2.07/turn                c - +4 ring of slaying
MPRegen 0.40/turn                F - ring of Qutiwo {Will+ Int+3 SInv}

@: heroic, finesse-ful, corroded, flying, lightly drained
A: claws 3, icemail 2, magic shield, magic regeneration, sharp scales 2,
condensation shield, corrupting presence 2
}: 2/15 runes: barnacled, gossamer
a: Renounce Religion, Heroism, Finesse


You were on level 5 of the Vaults.
You worshipped Okawaru.
Okawaru was greatly pleased with you.
You visited 6 branches of the dungeon, and saw 35 of its levels.
You visited 1 bazaar.
You also visited: Ice Cave.

You collected 4961 gold pieces.
You spent 2290 gold pieces at shops.

Inventory:

Hand Weapons
 q - the +8 trident of the Octopus King (weapon) {venom, rElec rPois}
   (You found it on level 3 of the Dungeon)

   rElec:     It insulates you from electricity.
   rPois:     It protects you from poison.
Missiles
 d - 10 throwing nets
 i - 20 javelins
 s - 52 poisoned darts (quivered)
 y - 19 atropa-tipped darts
 J - 15 curare-tipped darts
 N - 34 boomerangs
 T - 3 silver javelins
 Y - 3 silver boomerangs
Armour
 a - the +8 crystal plate armour of Hepliaklqana's Hatred (worn) {*Corrode Regen+ Str+3}
   (You acquired it on level 14 of the Dungeon)

   Str:       It affects your strength (+3).
   Regen:     It increases your rate of health regeneration.
   *Corrode:  It may corrode you when you take damage.
 b - a +4 tower shield of reflection (worn)
 k - a +2 pair of boots of rampaging (worn)
 t - the +2 scale mail "Jeced" {rF+++ MP+9 Dex-4 Stlth+}
   (Okawaru gifted it to you on level 15 of the Dungeon)

   Dex:       It affects your dexterity (-4).
   rF:        It renders you almost immune to fire.
   MP:        It affects your magic capacity (+9).
   Stlth:     It makes you more stealthy.
 E - the +2 helmet of Nihilism (worn) {rPois Dex+4}
   (Okawaru gifted it to you on level 2 of the Shoals)

   Dex:       It affects your dexterity (+4).
   rPois:     It protects you from poison.
 I - a +2 cloak of stealth
 O - the scarf "Eninug" (worn) {harm, Fly}
   (Okawaru gifted it to you on level 2 of the Orcish Mines)

   Fly:       It grants you flight.
Magical Staves
 M - the staff of air "Zesaim" {rElec Will- Str+2 SInv}
   (You found it on level 8 of the Dungeon)

   [staff of air]

   Base accuracy: +5 Base damage: 5 Base attack delay: 1.2 This weapon's minimum
   attack delay (0.6) is reached at skill level 12.
   Str:       It affects your strength (+2).
   rElec:     It insulates you from electricity.
   SInv:      It lets you see invisible.
   Will:      It decreases your willpower.
   It falls into the 'Staves' category.
   It is a one-handed weapon.
Jewellery
 c - a +4 ring of slaying (left claw)
 z - the ring "Uqomp" {*Slow Will+ AC+4 Str+3 Dex+3}
   (You found it on level 5 of the Lair of Beasts)

   [ring of protection]

   AC:        It affects your AC (+4).
   Str:       It affects your strength (+3).
   Dex:       It affects your dexterity (+3).
   *Slow:     It may slow you when you take damage.
   Will:      It increases your willpower.
 F - the ring of Qutiwo (right claw) {Will+ Int+3 SInv}
   (You acquired it on level 11 of the Dungeon)

   [ring of see invisible]

   Int:       It affects your intelligence (+3).
   SInv:      It lets you see invisible.
   Will:      It increases your willpower.
 K - the amulet "Sug Call" {Faith rPois Will+}
   (You found it on level 4 of the Vaults)

   [amulet of faith]

   It allows you to gain divine favour quickly.
   rPois:     It protects you from poison.
   Will:      It increases your willpower.
 Z - an amulet of regeneration (around neck)
Wands
 h - a wand of mindburst (10)
 D - a wand of light (29)
 G - a wand of flame (82)
 L - a wand of polymorph (30)
 Q - a wand of roots (23)
 S - a wand of paralysis (25)
Scrolls
 f - 8 scrolls of teleportation
 l - 6 scrolls of silence
 m - 2 scrolls of brand weapon
 n - a scroll of blinking
 o - 5 scrolls of enchant weapon
 p - 7 scrolls of magic mapping
 r - 12 scrolls of poison
 u - 5 scrolls of fear
 X - 5 scrolls of immolation
Potions
 e - 7 potions of cancellation
 g - 8 potions of might
 j - a potion of invisibility
 v - 3 potions of berserk rage
 w - a potion of flight
 A - 8 potions of resistance
 B - 13 potions of heal wounds
 C - 4 potions of mutation
 P - 4 potions of haste
 R - 19 potions of curing
 U - 8 potions of ambrosia
 V - 6 potions of magic
Miscellaneous
 x - a lightning rod (4/4)
 H - a phial of floods


   Skills:
 + Level 16.3(21.3) Fighting
 + Level 4.3(17.6) Axes
 + Level 18.1(23.3) Polearms
 + Level 5.9(10.9) Throwing
 + Level 16.0(21.0) Armour
 + Level 8.9(13.9) Dodging
 + Level 3.0(8.0) Stealth
 + Level 22.0(27) Shields
 + Level 7.7 Invocations
 + Level 0.8 Evocations


You had 20 spell levels left.
You didn't know any spells.
Your spell library contained the following spells:

 Spells                   Type           Power      Damage    Failure   Level
 Freeze                   Ice            0%         1d3       98%         1
 Kiss of Death            Conj/Necr      0%         2d5       98%         1
 Magic Dart               Conj           0%         1d3       98%         1
 Slow                     Hex            0%         N/A       98%         1
 Blink                    Tloc           0%         N/A       99%         2
 Ensorcelled Hibernation  Hex/Ice        0%         N/A       99%         2
 Lesser Beckoning         Tloc           0%         N/A       99%         2
 Momentum Strike          Conj/Tloc      0%         3d8       99%         2
 Passwall                 Tmut/Erth      0%         N/A       99%         2
 Searing Ray              Conj           0%         2d4       99%         2
 Confusing Touch          Hex            0%         N/A       100%        3
 Frozen Ramparts          Ice            0%         1d1       100%        3
 Gell's Gravitas          Tloc           0%         N/A       100%        3
 Inner Flame              Hex/Fire       0%         N/A       100%        3
 Mephitic Cloud           Conj/Pois/Air  0%         N/A       100%        3
 Ozocubu's Armour         Ice            0%         N/A       100%        3
 Portal Projectile        Hex/Tloc       0%         N/A       100%        3
 Spider Form              Tmut/Pois      0%         N/A       100%        3
 Stone Arrow              Conj/Erth      0%         3d7       100%        3
 Teleport Other           Tloc           0%         N/A       100%        3
 Vampiric Draining        Necr           0%         2d6       100%        3
 Anguish                  Hex/Necr       0%         N/A       100%        4
 Cause Fear               Hex            0%         N/A       100%        4
 Dispel Undead            Necr           0%         3d6       100%        4
 Fulminant Prism          Conj/Hex       0%         3d5       100%        4
 Ice Form                 Ice/Tmut       0%         N/A       100%        4
 Leda's Liquefaction      Hex/Erth       0%         N/A       100%        4
 Passage of Golubria      Tloc           0%         N/A       100%        4
 Blade Hands              Tmut           0%         N/A       100%        5
 Borgnjor's Vile Clutch   Necr/Erth      0%         N/A       100%        5
 Freezing Cloud           Conj/Ice/Air   0%         6-21      100%        5
 Metabolic Englaciation   Hex/Ice        0%         N/A       100%        5
 Iron Shot                Conj/Erth      0%         9d1       100%        6
 Enfeeble                 Hex            0%         N/A       100%        7
 Ozocubu's Refrigeration  Ice            0%         4d7       100%        7
 Discord                  Hex            0%         N/A       100%        8
 Lehudib's Crystal Spear  Conj/Erth      0%         10d2      100%        8
 Polar Vortex             Ice            0%         N/A       100%        9
 Summon Small Mammal      Summ           Unusable   N/A       N/A         1
 Call Imp                 Summ           Unusable   N/A       N/A         2
 Call Canine Familiar     Summ           Unusable   N/A       N/A         3
 Summon Guardian Golem    Hex/Summ       Unusable   N/A       N/A         3
 Tukima's Dance           Hex            Unusable   N/A       N/A         3
 Animate Armour           Summ/Erth      Unusable   N/A       N/A         4
 Animate Dead             Necr           Unusable   N/A       N/A         4
 Summon Ice Beast         Ice/Summ       Unusable   N/A       N/A         4
 Summon Forest            Summ/Tloc      Unusable   N/A       N/A         5
 Simulacrum               Ice/Necr       Unusable   N/A       N/A         6
 Haunt                    Necr/Summ      Unusable   N/A       N/A         7
 Infestation              Necr           Unusable   N/A       N/A         8

Dungeon Overview and Level Annotations

Branches:
Dungeon (15/15)            Temple (0/1) D:5            Lair (5/5) D:8
 Shoals (4/4) Lair:3       Spider (4/4) Lair:3        Slime (0/5) Lair:5
    Orc (2/2) D:9             Elf (0/3) Orc:2        Vaults (5/5) D:14
  Crypt (0/3) Vaults:2     Depths (0/4) D:15          IceCv (visited)

Altars:
Ashenzari
Dithmenos
Fedhas
Gozag
Kikubaaqudgha
Makhleb
Okawaru
Ru
Sif Muna
Vehumet
Xom
Yredelemnul

Shops:
D:2 :   D:10 =   D:11 =[[[[?   D:14 :   Orc:2 ([*:   Shoals:3 (   Vaults:1 (
Vaults:4 ?

Portals:
Hell: Lair:5

Annotations:
D:7 exclusion: 4 orange crystal statues
D:12 2 transporters


Innate Abilities, Weirdness & Mutations

You have claws for hands.
A meltable icy envelope protects you from harm. (AC +8)
When hurt, damage is shared between your health and your magic reserves.
You regenerate magic rapidly.
You are mostly covered in razor-sharp scales. (AC +2, Slay +2)
A meltable shield of frost defends you. (SH +4)
Your presence sometimes corrodes or deforms those you injure.


Message History

The shadow dragon looks as sick as possible!
The shadow dragon is severely wounded.
Unknown command.
You impale the shadow dragon!!
The shadow dragon seems to be corroded for longer.
The shadow dragon is almost dead.
You block the vault warden's attack.
You block the shadow dragon's attack. x3
The tengu reaver completely misses you.
Unknown command.
You closely miss the shadow dragon.
The shadow dragon is almost dead.
The yaktaur captain shoots a bolt.
You reflect the bolt off your +4 tower shield of reflection!
The bolt hits the yaktaur!!
You kill the yaktaur!
Okawaru accepts your kill.
A freezing mist starts to gather...
A yaktaur simulacrum comes into view.
You impale the shadow dragon!!
You kill the shadow dragon!
Okawaru accepts your kill.
A freezing mist starts to gather...
A shadow dragon simulacrum comes into view.
The tengu reaver points at you and mumbles some strange words.
The bolt of acid hits you!!
* * * LOW HITPOINT WARNING * * *
The acid corrodes you!
The yaktaur shoots a bolt.
You reflect the bolt off your +4 tower shield of reflection!
The bolt hits the yaktaur!!
You kill the yaktaur!
Okawaru accepts your kill.
A freezing mist starts to gather...
A yaktaur simulacrum comes into view.
You feel much better.
The vault warden hits you from afar with a +1 bardiche of protection!
* * * LOW HITPOINT WARNING * * *
You block the ogre mage's attack.
The tengu reaver gestures at you while chanting.
The bolt of cold hits you!!
You die...

...# #....# #.
....##....# #.#
#...#....##(#
#.........#
########........#####
..............(......
..........[<<........
..........<[.<.......
..........@<<........
#..##.#.QcO÷[...#####
#......Z.ep.........
.#.....ZZ).$..#.....
..#...)[.#1.Z.#......
...#..........#.....#
....#....#....##...##
.....#.).#....# .
......#.......#


You could see a Tzitzimitl (summoned), a vault warden (soul bound), a tengu
reaver (soul bound), a yaktaur captain (soul bound), an ogre mage (soul bound,
invisible), a deep elf demonologist (soul bound), a shadow dragon simulacrum and
3 yaktaur simulacra.

Vanquished Creatures
  An ancient lich (Vaults:4)
  A dread lich (Vaults:4)
  2 golden dragons (Vaults:4)
  Mlioglotl (Spider:3)
  The ghost of Qeunemit the Warrior, an adept GrFi of Okawaru (Vaults:4)
  A lich (Vaults:5)
  Asterion (Spider:3)
  3 titans
  An Ice Fiend (IceCv)
  Gastronok (Lair:1)
  2 sphinxes
  Polyphemus (Shoals:2)
  A kraken (Shoals:1)
  An ancient champion (Vaults:4)
  2 shadow dragons
  2 nagarajas (Vaults:4)
  Agnes (D:15)
  A frost giant (Vaults:4)
  3 deep elf sorcerers (Vaults:4)
  A fire giant (Vaults:4)
  15 vault wardens
  Louise (Shoals:2)
  6 ghost moths
  3 emperor scorpions
  2 orc warlords
  23 ironbound preservers
  A broodmother (Spider:4)
  3 stone giants
  A vampire knight (Vaults:2)
  5 very ugly things
  11 ironbound thunderhulks
  2 war gargoyles
  3 spark wasps
  Nessos (D:15)
  2 deep elf annihilators (Vaults:4)
  4 dire elephants (Vaults:2)
  7 ettins
  A deep elf death mage (Vaults:4)
  Snorg (D:12)
  A crystal guardian (Vaults:1)
  6 merfolk impalers
  A merfolk javelineer (Shoals:4)
  4 entropy weavers
  3 great orbs of eyes
  An ice dragon (D:15)
  19 yaktaur captains
  Erolcha (D:13)
  3 ogre magi
  48 vault guards
  A peacekeeper (Vaults:1)
  7 ironbound frosthearts
  4 hydras
  4 catoblepae
  An alligator snapping turtle (Shoals:4)
  3 radroaches
  9 merfolk aquamancers
  7 merfolk avatars
  18 centaur warriors
  2 jorogumos
  A two-headed ogre (shapeshifter) (Vaults:5)
  A dancing weapon (Vaults:5)
  2 satyrs
  6 two-headed ogres
  8 boulder beetles
  2 tengu warriors
  10 death yaks
  5 orc high priests (Orc:2)
  A vampire mage (Vaults:4)
  A sun demon (Lair:5)
  A shadow wraith (Vaults:3)
  The ghost of porpoise the Vexing, a novice DECj of Vehumet (D:8)
  The ghost of olddryhag the Basher, a novice GnRe of Uskayaw (D:8)
  6 pharaoh ants
  A sea snake (shapeshifter) (Vaults:5)
  An orb spider (shapeshifter) (Vaults:4)
  6 skysharks
  A sun moth (Spider:4)
  71 deep trolls
  Lodul (D:12)
  A glowing orange brain (Vaults:4)
  22 sea snakes
  6 steelbarb worms
  10 orb spiders
  25 ironbound convokers
  An obsidian statue (IceCv)
  7 spriggan simulacra (IceCv)
  6 wizards
  A bog body (IceCv)
  9 orc knights
  6 phantasmal warriors
  2 necromancers
  12 lindwurms
  2 deep elf pyromancers
  11 harpies
  14 wolf spiders
  5 orc sorcerers
  13 manticores
  An oklob plant (Lair:4)
  20 ugly things
  6 cyclopes
  3 moths of wrath
  6 fauns
  3 elephants (Lair:1)
  18 vault sentinels
  12 merfolk sirens
  5 black mambas (Lair:5)
  2 orange demons (Lair:5)
  2 gargoyles
  11 cane toads
  8 water nymphs
  3 torpor snails
  3 unseen horrors (D:11)
  8 demonic crawlers
  A kobold demonologist (D:14)
  7 komodo dragons
  5 freezing wraiths
  3 golden dragon simulacra (IceCv)
  An anaconda simulacrum (IceCv)
  An efreet (D:15)
  4 tengu conjurers
  9 ice devils
  5 rime drakes
  25 merfolk
  2 red devils (Lair:5)
  39 yaktaurs
  2 meliai (Spider:4)
  3 polar bears
  5 trolls
  A hellwing (Lair:5)
  7 wind drakes
  2 hornets
  Prince Ribbit (D:7)
  14 blink frogs (Lair:5)
  17 dream sheep
  28 tarantellas
  10 snapping turtles
  22 culicivoras
  24 jumping spiders
  15 slime creatures
  A spriggan (shapeshifter) (D:15)
  3 centaur simulacra (D:15)
  6 vampires
  A shadow (D:11)
  2 dire elephant simulacra (IceCv)
  42 yaks
  Grum (D:8)
  18 water elementals
  A human (D:14)
  3 wyverns
  6 basilisks
  A steam dragon (shapeshifter) (D:15)
  31 redbacks
  9 minotaur simulacra (IceCv)
  Menkaure (D:7)
  3 steam dragons
  4 vampire mosquitoes (D:14)
  A warg (Orc:1)
  5 hell hounds (Lair:5)
  17 water moccasins
  35 orc warriors
  2 acid dragons
  Duvessa (D:7)
  An ettin simulacrum (IceCv)
  A black bear (D:6)
  6 ice beasts
  16 ogres
  6 wolves
  4 centaurs
  A boggart (Vaults:3)
  3 kobold brigands
  2 phantoms
  5 bullfrogs
  6 scorpions
  9 deep troll simulacra (IceCv)
  10 wights
  Dowan (D:7)
  5 killer bees (D:8)
  2 lindwurm simulacra (IceCv)
  4 howler monkeys
  An electric eel (D:6)
  3 jellies
  Crazy Yiuf (D:3)
  16 orc priests
  2 hounds
  Jessica (D:2)
  Terence (D:3)
  4 iguanas
  40 orc wizards
  Robin (D:3)
  6 adders
  3 gnolls (D:3)
  2 shadow imps (D:8)
  11 white imps
  3 ufetubi
  A worm (D:5)
  A dart slug (D:1)
  111 orcs
  6 ball pythons
  11 endoplasms
  4 giant cockroaches
  13 goblins
  6 hobgoblins
  2 jackals (D:5)
  23 kobolds
  4 quokkas
  3 training dummies (Shoals:3)
  3 bats
  6 frilled lizards
  4 rats
1476 creatures vanquished.

Vanquished Creatures (others)
  A tarantella (Spider:3)
  A jumping spider (Spider:4)
  An orc wizard (D:8)
  22 fungi
  84 plants
  4 tentacles (Shoals:1)
  2 withered plants
115 creatures vanquished.

Grand Total: 1591 creatures vanquished

Notes
Turn   | Place    | Note
-------+----------+-------------------------------------------
     0 | D:1      | xian the Demonspawn Gladiator began the quest for the Orb.
     0 | D:1      | Reached XP level 1. HP: 16/16 MP: 1/1
   134 | D:1      | Gained mutation: A meltable shield of frost defends you.
                  | (SH +4) [demonic ancestry]
   134 | D:1      | Reached XP level 2. HP: 19/22 MP: 2/2
   934 | D:2      | Gained mutation: A meltable icy envelope protects you from
                  | harm. (AC +8) [demonic ancestry]
   934 | D:2      | Reached XP level 3. HP: 16/27 MP: 3/3
  1078 | D:2      | Noticed Jessica
  1082 | D:2      | Killed Jessica
  1083 | D:2      | Reached skill level 1 in Armour
  1083 | D:2      | Gained mutation: You have sharp fingernails. [demonic
                  | ancestry]
  1083 | D:2      | Reached XP level 4. HP: 30/33 MP: 4/4
  1097 | D:2      | Found Lioll's Book Shoppe.
  1752 | D:3      | Found the +8 trident of the Octopus King {venom, rElec
                  | rPois}
  1783 | D:3      | Noticed Robin
  1808 | D:3      | Killed Robin
  1811 | D:3      | Noticed Terence
  1814 | D:3      | Gained mutation: You regenerate magic rapidly. [demonic
                  | ancestry]
  1814 | D:3      | Reached XP level 5. HP: 39/39 MP: 5/5
  1837 | D:3      | Killed Terence
  2065 | D:3      | Noticed a phantom
  2072 | D:3      | Killed a phantom
  2073 | D:3      | Reached skill level 1 in Polearms
  2073 | D:3      | Reached skill level 1 in Shields
  2158 | D:3      | Gained mutation: You have very sharp fingernails. [demonic
                  | ancestry]
  2158 | D:3      | Reached XP level 6. HP: 42/46 MP: 6/6
  2267 | D:3      | Found a runed translucent door.
  2270 | D:3      | Noticed Crazy Yiuf
  2277 | D:3      | Killed Crazy Yiuf
  2725 | D:4      | Found an iron altar of Okawaru.
  2791 | D:4      | Became a worshipper of Warmaster Okawaru
  2807 | D:4      | Gained mutation: When hurt, damage is shared between your
                  | health and your magic reserves. [demonic ancestry]
  2807 | D:4      | Reached XP level 7. HP: 52/52 MP: 7/7
  3130 | D:5      | Entered Level 5 of the Dungeon
  3201 | D:5      | Found a staircase to the Ecumenical Temple.
  3937 | D:6      | Reached * piety under Okawaru
  3951 | D:6      | Gained mutation: A meltable icy envelope protects you from
                  | harm. (AC +8) [demonic ancestry]
  3951 | D:6      | Reached XP level 8. HP: 59/59 MP: 8/8
  3973 | D:6      | Reached skill level 5 in Polearms
  4034 | D:6      | Found a shadowy altar of Dithmenos.
  4142 | D:6      | Reached skill level 2 in Shields
  4563 | D:7      | Noticed Menkaure
  4569 | D:7      | Killed Menkaure
  4569 | D:7      | Reached ** piety under Okawaru
  4636 | D:7      | Noticed Dowan
  4645 | D:7      | Killed Dowan
  4645 | D:7      | Noticed Duvessa
  4658 | D:7      | Killed Duvessa
  4669 | D:7      | Found a broken altar of Ashenzari.
  4850 | D:7      | Found the +10 tower shield of Ignorance {rN+ Int-4}
  4858 | D:7      | Found a runed translucent door.
  4865 | D:7      | Noticed an orange crystal statue
  4865 | D:7      | Noticed an orange crystal statue
  4865 | D:7      | Noticed an orange crystal statue
  4865 | D:7      | Noticed an orange crystal statue
  4901 | D:7      | Found a runed translucent door.
  4916 | D:7      | Noticed a hornet
  5082 | D:7      | Reached XP level 9. HP: 66/66 MP: 9/9
  5099 | D:7      | Noticed Prince Ribbit
  5106 | D:7      | Killed Prince Ribbit
  5107 | D:7      | Found a shimmering altar of Xom.
  5112 | D:7      | Found a sacrificial altar of Ru.
  5315 | D:8      | Found a staircase to the Lair.
  5353 | D:8      | Reached *** piety under Okawaru
  5354 | D:8      | Reached skill level 5 in Armour
  5360 | D:8      | Reached skill level 5 in Fighting
  5426 | D:8      | Reached skill level 5 in Dodging
  5507 | D:8      | Reached **** piety under Okawaru
  5560 | D:8      | Found a runed translucent gate.
  5560 | D:8      | Found a runed translucent gate.
  5581 | D:8      | Found a runed translucent gate.
  5582 | D:8      | Noticed porpoise's ghost (novice DECj)
  5582 | D:8      | Noticed olddryhag's ghost (novice GnRe)
  5598 | D:8      | Killed porpoise's ghost
  5599 | D:8      | Gained mutation: You have claws for hands. [demonic
                  | ancestry]
  5599 | D:8      | Reached XP level 10. HP: 74/74 MP: 8/10
  5611 | D:8      | Killed olddryhag's ghost
  5612 | D:8      | Reached skill level 3 in Shields
  5668 | D:8      | Found a basalt altar of Yredelemnul.
  5670 | D:8      | Noticed a profane servitor
  5795 | D:8      | Identified the staff of air "Zesaim" {rElec Will- Str+2
                  | SInv}
  5812 | D:8      | Noticed Grum
  5832 | D:8      | Killed Grum
  6070 | D:8      | Found a shimmering blue altar of Sif Muna.
  6211 | D:8      | Found a radiant altar of Vehumet.
  6211 | D:8      | Found a blossoming altar of Fedhas.
  6427 | D:8      | Noticed an angel
  6535 | D:9      | Received a gift from Okawaru
  6536 | D:9      | Reached skill level 10 in Polearms
  6594 | D:9      | Noticed a two-headed ogre
  6614 | D:9      | Killed a two-headed ogre
  6614 | D:9      | Reached ***** piety under Okawaru
  6628 | D:9      | Received a gift from Okawaru
  6656 | D:9      | Found a staircase to the Orcish Mines.
  6673 | D:9      | Noticed a two-headed ogre
  6680 | D:9      | Killed a two-headed ogre
  6681 | D:9      | Gained mutation: You are partially covered in razor-sharp
                  | scales. (AC +1, Slay +1) [demonic ancestry]
  6681 | D:9      | Reached XP level 11. HP: 79/82 MP: 9/11
  7593 | D:10     | Entered Level 10 of the Dungeon
  7760 | D:10     | Found Ydacod's Jewellery Boutique.
  7797 | D:10     | Noticed a catoblepas
  7823 | D:10     | Killed a catoblepas
  8134 | D:10     | Found an opulent altar of Gozag.
  8390 | D:10     | Reached skill level 1 in Stealth
  8550 | D:11     | Noticed a boulder beetle
  8566 | D:11     | Killed a boulder beetle
  8659 | D:11     | Found Urosint's Antique Armour Boutique.
  8668 | D:11     | Bought a spiked buckler for 361 gold pieces
  8668 | D:11     | Identified the +1 buckler of Youthful Indiscretion {rN+
                  | Will+ Str+2} (You bought it in a shop on level 11 of the
                  | Dungeon)
  8703 | D:11     | Found Tifuskis's Armour Boutique.
  8772 | D:11     | Found Akhloc's Jewellery Shop.
  9054 | D:11     | Noticed a two-headed ogre
  9060 | D:11     | Reached ****** piety under Okawaru
  9066 | D:11     | Killed a two-headed ogre
  9066 | D:11     | Received a gift from Okawaru
  9067 | D:11     | Reached skill level 4 in Shields
  9134 | D:11     | Found Dantam's Armour Shop.
  9134 | D:11     | Noticed a two-headed ogre
  9143 | D:11     | Killed a two-headed ogre
  9184 | D:11     | Found Eleig's Antique Armour Shoppe.
  9308 | D:11     | Found Vusolla's Magic Scroll Shoppe.
  9311 | D:11     | Bought a scroll of identify for 32 gold pieces
  9312 | D:11     | Identified a scroll of acquirement
  9314 | D:11     | Acquired the ring of Qutiwo {Will+ Int+3 SInv}
  9438 | D:12     | Upgraded the game from 0.30-a0-924-g0ad0bf95bc to
                  | 0.30-a0-930-gb9d0489357
  9476 | D:12     | Reached XP level 12. HP: 48/91 MP: 9/12
  9597 | D:12     | Found a transporter.
  9607 | D:12     | Found a transporter.
  9813 | D:12     | Found a transporter.
  9829 | D:12     | Found a transporter.
  9914 | D:12     | Noticed Snorg
  9929 | D:12     | Killed Snorg
  9930 | D:12     | Noticed Lodul
  9960 | D:12     | Killed Lodul
  9961 | D:12     | Reached skill level 5 in Shields
  9961 | D:12     | Reached skill level 1 in Invocations
 10433 | Lair:1   | Entered Level 1 of the Lair of Beasts
 10492 | Lair:1   | Noticed Gastronok
 10510 | Lair:1   | Killed Gastronok
 11398 | Lair:2   | Identified the +2 robe of the Forest {rF+ Str+4}
 11561 | Lair:2   | Received a gift from Okawaru
 12062 | Lair:3   | Reached skill level 6 in Shields
 12132 | Lair:3   | Identified the +0 scale mail of the Puckish God {Str+2
                  | Int+3} (Okawaru gifted it to you on level 3 of the Lair of
                  | Beasts)
 12132 | Lair:3   | Received a gift from Okawaru
 12138 | Lair:3   | Gained mutation: Your presence sometimes corrodes those you
                  | injure. [demonic ancestry]
 12138 | Lair:3   | Reached XP level 13. HP: 58/99 MP: 4/14
 12290 | Lair:3   | Found a hole to the Spider Nest.
 12906 | Lair:3   | Found a staircase to the Shoals.
 13418 | Lair:4   | Reached skill level 7 in Shields
 13742 | Lair:4   | Found an ancient bone altar of Kikubaaqudgha.
 13886 | Lair:5   | Entered Level 5 of the Lair of Beasts
 14105 | Lair:5   | Found a runed translucent door.
 14114 | Lair:5   | Found a staircase to the Slime Pits.
 14161 | Lair:5   | Received a gift from Okawaru
 14182 | Lair:5   | Received a gift from Okawaru
 14186 | Lair:5   | Reached skill level 8 in Shields
 14667 | Lair:5   | Gained mutation: You are mostly covered in razor-sharp
                  | scales. (AC +2, Slay +2) [demonic ancestry]
 14667 | Lair:5   | Reached XP level 14. HP: 108/108 MP: 15/15
 14969 | Lair:5   | Found a burning altar of Makhleb.
 14979 | Lair:5   | Reached skill level 9 in Shields
 15229 | Lair:5   | Found a gateway to Hell.
 15535 | Lair:5   | HP: 4/109 [lindwurm (2)]
 15931 | D:10     | Bought a +4 ring of slaying for 780 gold pieces
 16000 | Orc:1    | Entered Level 1 of the Orcish Mines
 16146 | Orc:2    | Entered Level 2 of the Orcish Mines
 16162 | Orc:2    | Identified the scarf "Eninug" {harm, Fly} (Okawaru gifted
                  | it to you on level 2 of the Orcish Mines)
 16162 | Orc:2    | Received a gift from Okawaru
 16282 | Orc:2    | Found a staircase to the Elven Halls.
 16753 | Orc:2    | Noticed an orc warlord
 16791 | Orc:2    | HP: 2/109 [orc warrior/+0 glaive (26)]
 16867 | Orc:2    | Killed an orc warlord
 17016 | Orc:2    | Reached skill level 10 in Shields
 17045 | Orc:2    | Reached skill level 10 in Fighting
 17202 | Orc:1    | Reached skill level 5 in Throwing
 17627 | Orc:2    | Found Rurched's General Store.
 17628 | Orc:2    | Found Junaf's Book Boutique.
 17630 | Orc:2    | Found Lusa Ote's Antique Armour Boutique.
 17630 | Orc:2    | Found Doequdei's Antique Weapon Shop.
 18206 | Lair:5   | Identified the ring "Uqomp" {*Slow Will+ AC+4 Str+3 Dex+3}
 18208 | Lair:5   | Identified the +7 chain mail "Ecumi" {Regen+ rCorr Int-5
                  | Dex+3}
 19388 | D:13     | Noticed Erolcha
 19395 | D:13     | Killed Erolcha
 19395 | D:13     | Received a gift from Okawaru
 19546 | D:13     | Gained mutation: Your presence sometimes corrodes or
                  | deforms those you injure. [demonic ancestry]
 19546 | D:13     | Reached XP level 15. HP: 47/115 MP: 6/17
 19546 | D:13     | HP: 5/115 [acid (4)]
 19653 | D:14     | Acquired the +8 crystal plate armour of Hepliaklqana's
                  | Hatred {*Corrode Regen+ Str+3}
 19714 | D:14     | Identified the +2 robe of Serendipity {-Tele rPois Str+6
                  | Slay+2}
 19758 | D:14     | Reached skill level 11 in Shields
 20184 | D:14     | Reached skill level 10 in Armour
 20207 | D:14     | Found a gate to the Vaults.
 20270 | D:14     | Found Weq Rud's Book Boutique.
 20383 | D:15     | Entered Level 15 of the Dungeon
 20400 | D:15     | Found an iron altar of Okawaru.
 20426 | D:15     | Noticed Agnes
 20441 | D:15     | Killed Agnes
 20545 | D:15     | Found a frozen archway.
 20561 | IceCv    | Entered an ice cave
 20854 | IceCv    | Noticed an Ice Fiend
 20874 | IceCv    | Reached skill level 15 in Polearms
 20900 | IceCv    | Killed an Ice Fiend
 21028 | IceCv    | Reached skill level 12 in Shields
 21163 | IceCv    | Received a gift from Okawaru
 21531 | D:15     | Identified the +2 scale mail "Jeced" {rF+++ MP+9 Dex-4
                  | Stlth+} (Okawaru gifted it to you on level 15 of the
                  | Dungeon)
 21531 | D:15     | Received a gift from Okawaru
 21697 | D:15     | Noticed Nessos
 21702 | D:15     | Killed Nessos
 22003 | D:15     | Found a staircase to the Depths.
 22381 | D:11     | Bought a glowing cloak for 240 gold pieces
 22610 | Spider:1 | Entered Level 1 of the Spider Nest
 22800 | Lair:3   | Reached XP level 16. HP: 126/126 MP: 18/18
 22939 | Spider:1 | Reached skill level 13 in Shields
 23588 | Spider:2 | Received a gift from Okawaru
 23785 | Spider:2 | Acquired a manual of Armour
 24133 | Spider:3 | Noticed Mlioglotl
 24157 | Spider:3 | Killed Mlioglotl
 24239 | Spider:3 | Received a gift from Okawaru
 24253 | Spider:3 | Noticed Asterion
 24259 | Spider:3 | Reached skill level 14 in Shields
 24270 | Spider:3 | Killed Asterion
 24482 | Spider:3 | Paralysed by a jorogumo for 1 turns
 24764 | Spider:4 | Entered Level 4 of the Spider Nest
 25321 | Spider:4 | Received a gift from Okawaru
 25354 | Spider:4 | Reached skill level 15 in Shields
 25365 | Spider:4 | Reached XP level 17. HP: 130/135 MP: 5/19
 25404 | Spider:4 | Got a gossamer rune of Zot
 25412 | Spider:4 | Identified the +0 pair of gloves "Winkuen" {MP-9 Dex+8
                  | Slay+3 Stlth+}
 25422 | Spider:4 | Identified the +2 hat of Indecent Exposure {rElec MP+9
                  | Int-3 Dex+6}
 26069 | Shoals:1 | Entered Level 1 of the Shoals
 26319 | Shoals:1 | Noticed a kraken
 26334 | Shoals:1 | Killed a kraken
 26376 | Shoals:1 | Received a gift from Okawaru
 27455 | Shoals:2 | Found a runed translucent door.
 27548 | Shoals:2 | Identified the +0 tower shield of Vehumet's Favour
                  | {*Corrode Str+6 SInv}
 27548 | Shoals:2 | Noticed Louise
 27550 | Shoals:2 | Noticed Polyphemus
 27575 | Shoals:2 | Killed Polyphemus
 27590 | Shoals:2 | Killed Louise
 27597 | Shoals:2 | Reached skill level 16 in Shields
 27690 | Shoals:2 | Identified the +2 helmet of Nihilism {rPois Dex+4} (Okawaru
                  | gifted it to you on level 2 of the Shoals)
 27690 | Shoals:2 | Received a gift from Okawaru
 28095 | Shoals:3 | Found Buodiadd's Firing Range.
 28222 | Shoals:3 | HP: 6/136 [drowned by a water elemental[a merfolk
                  | aquamancer] (6)]
 28484 | Shoals:4 | Entered Level 4 of the Shoals
 28695 | Shoals:4 | Identified the +2 battleaxe "Riygol" {antimagic, Int+2}
 28727 | Shoals:4 | Received a gift from Okawaru
 28888 | Shoals:4 | Reached XP level 18. HP: 117/143 MP: 16/21
 29153 | Shoals:4 | Reached skill level 17 in Shields
 29478 | Shoals:4 | Identified the +1 helmet of Okawaru's Regard {Int+7}
                  | (Okawaru gifted it to you on level 4 of the Shoals)
 29478 | Shoals:4 | Received a gift from Okawaru
 29487 | Shoals:4 | Got a barnacled rune of Zot
 29780 | Shoals:3 | Bought 2 atropa-tipped darts for 30 gold pieces
 29780 | Shoals:3 | Bought 5 boomerangs for 170 gold pieces
 29780 | Shoals:3 | Bought 2 throwing nets for 102 gold pieces
 29780 | Shoals:3 | Bought 2 javelins for 102 gold pieces
 30654 | Vaults:1 | Entered Level 1 of the Vaults
 30688 | Vaults:1 | Reached skill level 5 in Invocations
 31371 | Vaults:1 | You are sucked into a shaft and drop 1 floor!
 31382 | Vaults:2 | Reached skill level 18 in Shields
 31551 | Vaults:2 | Received a gift from Okawaru
 31921 | Vaults:2 | Reached XP level 19. HP: 152/152 MP: 22/22
 32059 | Vaults:2 | Found a staircase to the Crypt.
 33252 | Vaults:1 | Reached skill level 19 in Shields
 33355 | Vaults:1 | Found Wuninera's Weapon Shoppe.
 33363 | Vaults:1 | Bought 2 curare-tipped darts for 33 gold pieces
 33689 | Vaults:3 | Identified the +2 plate armour of Darkness {rElec rF- rN+++
                  | Will-} (Okawaru gifted it to you on level 3 of the Vaults)
 33689 | Vaults:3 | Received a gift from Okawaru
 34186 | Vaults:3 | Reached skill level 15 in Armour
 34190 | Vaults:3 | Reached skill level 15 in Fighting
 34912 | Vaults:3 | Got the Directory of the Distorted Chill
 35199 | Vaults:3 | Reached XP level 20. HP: 162/162 MP: 24/24
 35502 | Vaults:4 | Reached skill level 20 in Shields
 35626 | Vaults:4 | Received a gift from Okawaru
 35687 | Vaults:4 | Noticed a dread lich
 35704 | Vaults:4 | Killed a dread lich
 35704 | Vaults:4 | Received a gift from Okawaru
 36281 | Vaults:4 | Received a gift from Okawaru
 36356 | Vaults:4 | Found a gateway to a bazaar.
 36368 | Bazaar   | Entered a bazaar
 36368 | Bazaar   | Found Tohosuel's General Store.
 36375 | Bazaar   | Bought a wand of flame (7) for 39 gold pieces
 36375 | Bazaar   | Bought a potion of curing for 24 gold pieces
 36375 | Bazaar   | Bought a scroll of teleportation for 24 gold pieces
 36375 | Bazaar   | Bought a potion of heal wounds for 40 gold pieces
 36380 | Bazaar   | Found Jorchisael's Antique Armour Shop.
 36404 | Bazaar   | Found Mutot's Antique Weapon Shop.
 36412 | Bazaar   | Bought an ancient sling for 143 gold pieces
 36412 | Bazaar   | Identified the +3 sling of Hecranau {elec, rCorr Int+3}
                  | (You bought it in a shop in a bazaar)
 36665 | Vaults:4 | Reached skill level 21 in Shields
 36740 | Vaults:4 | Identified the amulet "Sug Call" {Faith rPois Will+}
 36742 | Vaults:4 | Identified the +3 arbalest of Wrath {penet, rElec rF- rN+++
                  | Int-5}
 36933 | Vaults:4 | Received a gift from Okawaru
 37025 | Vaults:4 | Identified the +2 robe of Wonder {Dex+3}
 37200 | Vaults:4 | Found a runed translucent door.
 37200 | Vaults:4 | Noticed Qeunemit's ghost (adept GrFi)
 37208 | Vaults:4 | Identified the +0 sling of Kapoikli {freeze, Str+6}
 37225 | Vaults:4 | Found Mier's Magic Scroll Shop.
 37234 | Vaults:4 | Bought a scroll of teleportation for 51 gold pieces
 37234 | Vaults:4 | Bought a scroll of teleportation for 51 gold pieces
 37234 | Vaults:4 | Bought a scroll of fear for 68 gold pieces
 37314 | Vaults:4 | Killed Qeunemit's ghost
 37330 | Vaults:4 | Got Gouptar's Opusculum on the Fault
 37377 | Vaults:5 | Entered Level 5 of the Vaults
 37545 | Vaults:4 | Reached XP level 21. HP: 169/171 MP: 17/26
 37860 | Vaults:5 | Noticed a golden dragon
 37882 | Vaults:4 | Killed a golden dragon
 37956 | Vaults:5 | Noticed a golden dragon
 38007 | Vaults:5 | Noticed an ancient lich
 38022 | Vaults:4 | Killed a golden dragon
 38069 | Vaults:4 | Received a gift from Okawaru
 38091 | Vaults:4 | Killed an ancient lich
 38092 | Vaults:4 | Reached skill level 22 in Shields
 38190 | Vaults:5 | Killed from afar by a tengu reaver

Illustrated notes

Levels and vault maps discovered:
D:1:      heliophobic_arrival_henge, layout_rooms, grunt_decor_fettered
D:2:      layout_basic, serial_shops, nicolae_diamond_shop, uniq_jessica
D:3:      layout_rooms, uniq_crazy_yiuf_cottage, uniq_robin, uniq_terence
D:4:      layout_loops_ring, mainiacjoe_overflow_cross_hatched, kennysheep_boxes
D:5:      layout_gridville, minmay_temple_entry_statues,
          serial_co_window_serial, co_window_paths_a, co_window_paths_b,
          co_window_corner_a, co_window_paths_b, co_window_paths_b,
          co_window_unsneaky_path_d, co_window_unsneaky_path_d,
          co_window_broadway_a, co_window_corner_b, co_window_corner_b,
          co_window_corner_b, co_window_broadway_c, glass_columns_b,
          glass_columns_b
D:6:      layout_basic, lemuel_tele_altar, nicolae_water_bricks,
          minmay_checkerbox
D:7:      layout_rooms, mainiacjoe_overflow_small_starburst,
          minmay_overflow_temple_star_quad, grunt_ministairs_2,
          chequers_guarded_unrand_ignorance, uniq_prince_ribbit1, uniq_menkaure,
          uniq_duvessa
D:8:      layout_cave_pods, grunt_temple_overflow_holy_war, tgw_sif,
          nicolae_overflow_squiral, lair_entry_dummy, gammafunk_ghost_cemetery,
          uniq_grum
D:9:      layout_basic, orc_0_dummy
D:10:     layout_basic, grunt_gozag_breadcrumbs, serial_shops,
          nicolae_diamond_shop
D:11:     layout_cave_pools, serial_shops, shop_statue, shop, shop,
          kennysheep_mini, kennysheep_mini_moat, kennysheep_diamond
D:12:     layout_loops_cross, corexii_corridor_pit,
          nicolae_transporter_intersection, uniq_lodul, uniq_snorg
D:13:     layout_stronghold, serial_column_ruins, column_ruins_hut_ruined,
          column_ruins_square_large, column_ruins_open_medium,
          column_ruins_corridor_straight, column_ruins_open_small, uniq_erolcha
D:14:     layout_long_grid, grunt_vaults_entry_fortified, serial_shops,
          nicolae_shop_advertising_works [nicolae_subvault_shop_adworks],
          hex_medium
D:15:     hangedman_depths_entry_civil_slaughter, layout_gridville, serial_ice,
          serial_ice_j, serial_ice_b, serial_ice_e, serial_ice_h, serial_ice_o,
          serial_ice_c, portal_ice_cave_entry_dragon, okawaru_ov_weapons_minmay,
          uniq_agnes, uniq_nessos
Lair:1:   layout_cellular_growth, minivault_27, uniq_gastronok
Lair:2:   layout_regular_city, infiniplex_staircase_pool_2
Lair:3:   layout_cave_pods, elwin_shoals_entry_rooms,
          nicolae_spider_entry_tight_spaces, grunt_megastairs_1
Lair:4:   layout_misc_corridors, lemuel_oklob_altar
Lair:5:   evil_forest, layout_long_grid, slime_entry_2,
          chequers_serial_rivers_micro_a, minmay_lindwurm_lava
Shoals:1: layout_shoals, argonaut_gorgonesque
Shoals:2: layout_shoals, lightli_airlock, uniq_polyphemus, uniq_louise
Shoals:3: layout_shoals, nicolae_shoals_seven_spires, nicolae_shop_firing_range
Shoals:4: shoals_end_simple, layout_shoals
Spider:1: cheibrodos_forgotten_conduit
Spider:2: layout_spider_delve, drop_trap
Spider:3: layout_spider_delve, nicolae_spider_wall_of_niches, uniq_asterion,
          uniq_mlioglotl
Spider:4: grunt_spider_rune_parallel, nicolae_spider_eight_legs
Orc:1:    layout_caves
Orc:2:    st_orc_congregation, layout_diamond_mine, basic_altar,
          lightli_orcish_oven
Vaults:1: nicolae_vaults_what_the_h, v_misc_25, vaults_room_corners,
          ontoclasm_vaults_loading_screen, v_alt_pattern_3, vaults_room_pools,
          v_misc_15, vaults_room_pools, nicolae_vaults_specimen_jars, v_misc_12,
          ontoclasm_vaults_fault, nicolae_vaults_alarming,
          layout_vaults_omnicross, serial_shops,
          nicolae_shop_competitors_out_of_business
Vaults:2: grunt_vaults_twisty, hangedman_vaults_pinch,
          minmay_crypt_entry_vampire_xt, hangedman_vaults_stream, v_misc_5,
          v_misc_28, layout_vaults_quadrants
Vaults:3: ontoclasm_vaults_decontamination, hangedman_vaults_hat, v_misc_13,
          vaults_standard_mumra_lines, ontoclasm_vaults_fire_temple, v_misc_13,
          hangedman_vaults_slice, dpeg_vaults_monster_box,
          nicolae_vaults_mini_display_case, ontoclasm_vaults_hangar, v_misc_27,
          vaults_dpeg_emergency_exit, layout_vaults_chaotic_city
Vaults:4: hellmonk_ghost_big_iron, hangedman_vaults_river_flow,
          vaults_room_mumra_shop_pool, v_misc_18, v_rooms_5, st_greater_box_1,
          ontoclasm_vaults_misaligned, hangedman_vaults_snaps,
          ontoclasm_vaults_hangar, v_misc_17, layout_vaults_omnibox,
          serial_shops, bzr_in_the_mist
Vaults:5: serial_shops, uniq_frederick, uniq_boris

Skill      XL: |  1  2  3  4  5  6  7  8  9 10 11 12 13 14 15 16 17 18 19 20 21 |
---------------+----------------------------------------------------------------+-----
Throwing       | 2 3 4 5 |  5.9
Dodging        | 3 4 5 6 7 8 |  8.9
Axes           | 3 4 |  4.3
Armour         | 1 2 3 4 5 6 7 8 9 10 11 12 14 15 16 | 16.0
Polearms       | 1 3 4 6 8 10 11 13 14 15 16 17 18 | 18.1
Shields        | 1 2 3 4 6 8 10 12 15 16 18 19 21 22 | 22.0
Fighting       | 3 4 5 6 7 8 9 10 11 12 13 14 15 16 | 16.3
Stealth        | 1 2 3 |  3.0
Invocations    | 1 2 3 4 5 6 7 |  7.7
Evocations     | |  0.8

Action                     |  1- 3 |  4- 6 |  7- 9 | 10-12 | 13-15 | 16-18 | 19-21 || total
---------------------------+-------+-------+-------+-------+-------+-------+-------++-------
  Melee: War axe           |    77 |    39 |       |       |       |       |       ||   116
         Trident           |       |   131 |   239 |   654 |  1491 |  1703 |  1501 ||  5719
         Punch             |       |     1 |     2 |     4 |       |       |       ||     7
  Throw: Javelin           |     2 |       |       |       |       |       |       ||     2
         Throwing net      |     1 |       |       |       |       |       |       ||     1
         Dart              |       |       |     9 |    51 |    54 |     1 |    19 ||   134
         Boomerang         |       |       |       |       |       |     4 |     4 ||     8
 Invoke: Heroism           |       |       |     2 |     3 |    16 |    16 |    28 ||    65
         Finesse           |       |       |       |     1 |     2 |     8 |    11 ||    22
  Evoke: Phial of floods   |       |       |     1 |       |       |       |       ||     1
    Use: Potion            |       |       |     4 |     1 |     9 |     1 |     2 ||    17
         Scroll            |       |       |     1 |    17 |    17 |     9 |     4 ||    48
   Stab: Petrified         |       |       |       |       |     9 |       |       ||     9
         Invisible         |       |       |       |       |     2 |       |       ||     2
 Armour: Leather armour    |    25 |    12 |       |       |       |       |       ||    37
         Scale mail        |       |    63 |   131 |   325 |   369 |       |       ||   888
         Chain mail        |       |       |       |       |    21 |       |       ||    21
         Crystal plate arm |       |       |       |       |   290 |  1003 |   719 ||  2012
  Dodge: Dodged            |    62 |    85 |   158 |   246 |   490 |   449 |   408 ||  1898
  Block: Other             |     8 |    42 |    37 |    43 |       |       |       ||   130
         Kite shield       |       |       |       |   219 |  1355 |  2102 |  1283 ||  4959
         Buckler           |       |       |       |    22 |       |       |       ||    22
         Reflection        |       |       |       |     2 |    43 |    91 |    99 ||   235
         Tower shield      |       |       |       |       |       |       |   536 ||   536

Table legend: (Time is in decaauts)
 A = Elapsed time spent in this place.
 B = Non-inter-level travel time spent in this place.
 C = Inter-level travel time spent in this place.
 D = Time resting spent in this place.
 E = Time spent auto-exploring this place.
 F = Levels seen in this place.
 G = Mean time per level.
                   A        B        C        D        E       F      G
               +--------+--------+--------+--------+--------+-----+--------+
         Total |  36410 |  33283 |   3127 |      0 |  21127 |  37 |  984.1 |
       Dungeon |  13704 |  12216 |   1488 |      0 |   8299 |  15 |  913.6 |
          Lair |   6348 |   5449 |    899 |      0 |   3641 |   5 | 1269.6 |
        Shoals |   3979 |   3717 |    262 |      0 |   2361 |   4 |  994.8 |
   Spider Nest |   2947 |   2820 |    127 |      0 |   1841 |   4 |  736.8 |
  Orcish Mines |   1840 |   1689 |    151 |      0 |    873 |   2 |  920.0 |
        Vaults |   6671 |   6473 |    198 |      0 |   3543 |   5 | 1334.2 |
        Bazaar |     60 |     60 |      0 |      0 |     33 |   1 |   60.0 |
      Ice Cave |    857 |    857 |      0 |      0 |    535 |   1 |  857.0 |
               +--------+--------+--------+--------+--------+-----+--------+

Top non-repeatable levels by time:
Vaults:4: 2251 daAuts
  Lair:5: 1859 daAuts
  Lair:3: 1616 daAuts
Vaults:2: 1575 daAuts
Vaults:3: 1569 daAuts
     D:8: 1389 daAuts
     D:2: 1286 daAuts
   Orc:2: 1247 daAuts
Vaults:1: 1169 daAuts
  Lair:1: 1140 daAuts
Spider:4: 1103 daAuts
Shoals:4: 1087 daAuts
    D:10: 1074 daAuts
Shoals:1: 1062 daAuts
    D:12: 1006 daAuts
